 Dungeon Crawl Stone Soup version 0.31.0-1-g2c135a008e (webtiles) character file.

Game seed: 2251463815227656535

355 qw the Shooter (level 6, -4/46 HPs)
             Began as a Djinni Hunter on Jan 23, 2024.
             Killed by psychic fangs
             ... invoked by a brain worm
              (16 damage)
             ... in a sewer.
             The game lasted 00:00:12 (2207 turns).

qw the Shooter (Djinni Hunter)                      Turns: 2207, Time: 00:00:13

Health: -4/46      AC:  6    Str: 10    XL:     6   Next: 95%
Gold:   134        EV: 11    Int: 11    God:
                   SH:  0    Dex: 18

rFire   + + .        a - +1 shortbow
rCold   x . .        (shield currently unavailable)
rNeg    . . .        e - +0 ring mail
rPois   inf          b - +0 helmet
rElec   .            (no cloak)
rCorr   .            (no gloves)
SInv    .            (boots unavailable)
Will    .....        (no amulet)
Stlth   +            (no ring)
HPRegen 0.27/turn    (no ring)
MPRegen 0.00/turn

%: infuse magic (-5 HP)
@: flying
A: sickness immunity, fire resistance 2, cold vulnerability 1, float, innate
caster, HP casting, extra vitality 1
a: no special abilities


You were in a sewer.
You visited 1 branch of the dungeon, and saw 3 of its levels.
You also visited: Sewer.

You collected 134 gold pieces.


Innate Abilities, Weirdness & Mutations

You are immune to sickness and miasma.
You are immune to poison.
Your flesh is very heat resistant. (rF++)
You are vulnerable to cold. (rC-)
You float through the air rather than walking.
You learn spells naturally, not from books.
Your magical power is your life essence.
You have superior vitality. (+4 MHP)


   Skills:
 + Level 3.2 Fighting
 - Level 5.6 Ranged Weapons
 - Level 1.1 Armour
 - Level 3.0 Dodging
 - Level 0.7 Stealth


You knew the following spells:

 Your Spells              Type           Power      Damage    Failure   Level
a - Foxfire               Conj/Fire      0%         2x1d4     65%         1
b - Scorch                Fire           0%         2d5       80%         2
Your spell library was empty.

Inventory:

Hand Weapons
 a - a +1 shortbow (weapon)
Armour
 b - a +0 helmet (worn)
 e - a +0 ring mail (worn)
Potions
 c - a potion of ambrosia {unknown}
 d - a potion of mutation {unknown}

Dungeon Overview and Level Annotations

Branches:
Dungeon (3/15)              Sewer (1/1)

Altars:
Yredelemnul

Shops:
D:2 (

Annotations:
Sewer exclusion: brain worm


Message History

You kill the kobold!
You shoot an arrow. The arrow hits the jackal!
You kill the jackal!
You start resting.
HP restored.
Things that are here:
a +0 short sword; 2 stones; a kobold corpse
f - a scroll labelled LOFFOE ALUM
Found a gate leading back out of this place.
Enter note: A brain worm comes into view.
2200 ||| READING scroll labelled LOFFOE ALUM.
Blink to where?
Press: ? - help, Dir - move target, f - you
As you read the scroll labelled LOFFOE ALUM, it crumbles to dust.
It was a scroll of blinking.
Enter note: The brain worm's throbbing head pulsates.
Something gnaws heavily on your mind!
Enter note: You shoot an arrow.
The arrow completely misses the brain worm.
The brain worm's bulging head throbs.
Something gnaws heavily on your mind!
You shoot an arrow. The arrow hits the brain worm.
The brain worm is lightly wounded.
You shoot an arrow.
The arrow hits the brain worm but does no damage.
You shoot an arrow. The arrow hits the brain worm.
The brain worm is moderately wounded.
The brain worm's throbbing head pulsates.
Something gnaws heavily on your mind!
Enter note:
Enter note:
Enter note:
Enter note:
Enter note: The brain worm's throbbing head pulsates.
Something gnaws heavily on your mind!
You die...

#~~~P.~~. .~..~~~~~
##~.~w~.##
.~~~~.P~~ ##~.~~PP#
#~~.P.P. ~~~ #~~~.#
~~~~ #~~~~# ~~~~
#@~~~# ~~~~ #~~~~#
~~~ #~~~~# ###.
##~~~# ~~P. #~~~~#
########P #~~~~# #
~~~~~~~~.
#~~~~#~#~~~~~~~~.~
##~~~~#~#~~~~~~~~~~
#~~~~.P~P.~~~~~~~~.


You could see a brain worm.

Vanquished Creatures
  Sigmund (D:2)
  Robin (D:2)
  4 gnolls (D:2)
  5 adders
  2 river rats (Sewer)
  4 ribbon worms
  8 ball pythons
  6 endoplasms
  A giant cockroach (D:2)
  10 goblins
  5 hobgoblins
  A jackal (Sewer)
  2 quokkas
  7 bats
  5 frilled lizards
  9 kobolds
  6 rats
77 creatures vanquished.

Notes
Turn   | Place    | Note
-------+----------+-------------------------------------------
     0 | D:1      | qw the Djinni Hunter began the quest for the Orb.
     0 | D:1      | Reached XP level 1. HP: 18/18 MP: 0/0
     0 | D:1      | 0 ||| qw: Version: 0.3-a-132-g3d54051
     0 | D:1      | 0 ||| qw: Game counter: 642
     0 | D:1      | 0 ||| qw: Melee chars always use a shield: true
     0 | D:1      | 0 ||| qw: God list: Okawaru
     0 | D:1      | 0 ||| qw: Allow faded altars: false
     0 | D:1      | 0 ||| qw: Do Orc after clearing Dungeon:15 true
     0 | D:1      | 0 ||| qw: Do second Lair branch before Depths: true
     0 | D:1      | 0 ||| qw: Lair rune preference: random
     0 | D:1      | 0 ||| qw: Goals: Normal
     0 | D:1      | 0 ||| PLANNING D:1-11
   210 | D:1      | Reached XP level 2. HP: 23/23 MP: 0/0
   568 | D:1      | 568 ||| UPGRADING to +0 ring mail.
   578 | D:1      | 578 ||| DROPPING +0 leather armour.
   579 | D:1      | 579 ||| READING 2 scrolls labelled IMIDDO VYBBIEN.
   582 | D:1      | 582 ||| READING scroll labelled YSUOKHL BATT.
   582 | D:1      | 582 ||| IDENTIFYING scroll labelled VAGABLUQEO
   583 | D:1      | 583 ||| READING scroll of enchant weapon.
   583 | D:1      | 583 ||| ENCHANTING +0 shortbow.
   584 | D:1      | 584 ||| DROPPING scroll of butterflies.
   602 | D:2      | Reached skill level 4 in Ranged Weapons
   602 | D:2      | Reached XP level 3. HP: 28/28 MP: 0/0
   602 | D:2      | Learned a level 1 spell: Foxfire
   602 | D:2      | 602 ||| STAIRDANCE
   609 | D:2      | 609 ||| STAIRDANCE
   617 | D:1      | Reached skill level 1 in Armour
   633 | D:2      | Noticed Robin
   634 | D:2      | 634 ||| STAIRDANCE
   671 | D:2      | 671 ||| STAIRDANCE
   680 | D:2      | 680 ||| STAIRDANCE
   687 | D:2      | Killed Robin
   688 | D:2      | Reached XP level 4. HP: 34/34 MP: 0/0
   709 | D:2      | 709 ||| RETREEEEATING.
   710 | D:2      | 710 ||| RETREEEEATING.
   714 | D:2      | Reached skill level 3 in Fighting
   721 | D:2      | HP: 3/35 [gnoll/+0 club (8)]
   722 | D:2      | 722 ||| READING scroll of teleportation.
   729 | D:2      | HP: 3/35 [adder (1)]
   735 | D:2      | HP: 3/35 [adder (1)]
   940 | D:2      | Reached XP level 5. HP: 26/40 MP: 0/0
   940 | D:2      | Learned a level 2 spell: Scorch
   994 | D:2      | Found Kolit's Weapon Boutique.
  1003 | D:2      | 1003 ||| SHOPLISTING +3 orcbow of flaming (279 gold, have
                  | 54).
  1130 | D:2      | Found a faded altar of an unknown god.
  1139 | D:2      | Noticed Sigmund
  1142 | D:2      | 1142 ||| DRINKING clear potion.
  1149 | D:2      | 1149 ||| FLEEEEING.
  1160 | D:2      | 1160 ||| FLEEEEING.
  1171 | D:2      | 1171 ||| FLEEEEING.
  1186 | D:2      | Killed Sigmund
  1187 | D:2      | Reached skill level 5 in Ranged Weapons
  1187 | D:2      | Reached XP level 6. HP: 20/46 MP: 0/0
  1191 | D:2      | 1191 ||| FLEEEEING.
  1192 | D:2      | 1192 ||| FLEEEEING.
  1193 | D:2      | 1193 ||| FLEEEEING.
  1194 | D:2      | 1194 ||| FLEEEEING.
  1195 | D:2      | 1195 ||| FLEEEEING.
  1196 | D:2      | 1196 ||| FLEEEEING.
  1197 | D:2      | 1197 ||| STAIRDANCE
  1283 | D:1      | 1283 ||| UPGRADING to +0 helmet.
  1288 | D:1      | 1288 ||| READING scroll labelled QOUMUJ KOEH.
  1397 | D:2      | 1397 ||| STAIRDANCE
  1585 | D:2      | Found a basalt altar of Yredelemnul.
  1871 | D:3      | 1871 ||| PLANNING SEWER
  1958 | D:3      | Found a glowing drain.
  1990 | Sewer    | Entered a sewer
  2008 | Sewer    | Reached skill level 3 in Dodging
  2200 | Sewer    | 2200 ||| READING scroll labelled LOFFOE ALUM.
  2206 | Sewer    | HP: 11/46 [brain worm/psychic fangs (14)]
  2207 | Sewer    | Killed from afar by a brain worm

Levels and vault maps discovered:
D:1:      lightli_arrival_farm, layout_basic
D:2:      layout_loops_cross, shapermc_ecumenical_altar_venn, basic_altar,
          serial_shops, nicolae_shop_bloodbath_and_beyond, uniq_robin,
          uniq_sigmund
D:3:      kennysheep_the_goblin_king, layout_basic, serial_shops,
          nicolae_shop_statue_plus, cheibrodos_sewer_entry_sluice
Sewer:    sewer_co_scattered_pipes

Skill      XL: |  1  2  3  4  5  6 |
---------------+-------------------+-----
Ranged Weapons | 4 5 |  5.6
Armour         | 1 |  1.1
Fighting       | 3 |  3.2
Dodging        | 3 |  3.0
Stealth        | |  0.7

Action                     |  1- 3 |  4- 6 || total
---------------------------+-------+-------++-------
   Fire: Shortbow          |    84 |   185 ||   269
    Use: Scroll            |     3 |     3 ||     6
         Potion            |       |     1 ||     1
 Armour: Leather armour    |    24 |       ||    24
         Ring mail         |    17 |    89 ||   106
  Dodge: Dodged            |    55 |    64 ||   119

Table legend:
 A = Non-vault XP
 B = Vault XP
 C = Vault XP percentage of total XP
 D = Non-vault monster count
 E = Vault monster count
 F = Vault count percentage of total count
                 A         B        C        D         E       F
            +---------+---------+-------+---------+---------+-------
      Total |     163 |     345 |  67.9 |      48 |      29 |  37.7
            +---------+---------+-------+---------+---------+-------
        D:1 |      39 |       9 |  18.8 |      19 |       5 |  20.8
        D:2 |     122 |     257 |  67.8 |      27 |       7 |  20.6
        D:3 |       2 |      13 |  86.7 |       2 |       4 |  66.7
      Sewer |       0 |      66 | 100.0 |       0 |      13 | 100.0
            +---------+---------+-------+---------+---------+-------
